 Dungeon Crawl Stone Soup version 0.29.1-2-gbd0b4ee654 (webtiles) character file.

Game seed: 11518927342316141796

32687 nullchk the Severer (level 13, 0/125 HPs)
             Began as a Minotaur Berserker on Nov 17, 2022.
             Was an Elder of Trog.
             Slain by an unseen horror (2 damage)
             ... on level 3 of the Abyss on Nov 18, 2022.
             The game lasted 02:12:50 (18122 turns).

nullchk the Severer (Minotaur Berserker)           Turns: 18122, Time: 02:12:51

Health: 0/125      AC: 30    Str: 26    XL:     13   Next: 32%
Magic:  12/12      EV:  6    Int:  4    God:    Trog [****..]
Gold:   246        SH:  0    Dex: 14    Spells: 12/12 levels left

rFire   . . .      SeeInvis .   N - +6 war axe of the Desolation of Salt {freeze, rCorr Dex+3}
rCold   . . .      Faith    .   l - +0 tower shield
rNeg    . . .      Spirit   .   L - +4 plate armour
rPois   .          Reflect  .   s - +1 hat
rElec   .          Harm     .   j - +0 cloak
rCorr   +          Rampage  .   v - +0 pair of gloves
Will    .....                   m - +0 pair of boots
Stlth   ..........              f - amulet of regeneration
HPRegen 1.10/turn               I - +4 ring of slaying
MPRegen 0.13/turn               h - +4 ring of protection

@: confused, on berserk cooldown, slowed, studying Stealth, very slow
A: horns 2, retaliatory headbutt
a: Renounce Religion, Berserk, Trog's Hand, Brothers in Arms


You were on level 3 of the Abyss.
You worshipped Trog.
Trog was greatly pleased with you.
You visited 2 branches of the dungeon, and saw 15 of its levels.
You visited the Abyss 1 time.

You collected 853 gold pieces.
You spent 607 gold pieces at shops.

Inventory:

Hand Weapons
 D - a +3 antimagic battleaxe
 N - the +6 war axe of the Desolation of Salt (weapon) {freeze, rCorr Dex+3}
   (You bought it in a shop on level 5 of the Dungeon)

   It freezes those it strikes, dealing additional cold damage.
   It can also slow down cold-blooded creatures.
   Dex:       It affects your dexterity (+3).
   rCorr:     It protects you from acid and corrosion.
Missiles
 k - 72 stones (quivered)
 q - a throwing net
Armour
 j - a +0 cloak (worn)
 l - a +0 tower shield (worn)
 m - a +0 pair of boots (worn)
 s - a +1 hat (worn)
 v - a +0 pair of gloves (worn)
 z - a +1 ring mail of fire resistance
 L - a +4 plate armour (worn)
 O - the +3 scale mail "Ezirhoizid" {rC+ MP-9 Dex+4}
   (You found it on level 12 of the Dungeon)

   Dex:       It affects your dexterity (+4).
   rC:        It protects you from cold.
   MP:        It affects your magic capacity (-9).
Jewellery
 e - a ring of poison resistance
 f - an amulet of regeneration (around neck)
 h - a +4 ring of protection (right hand)
 y - the ring of Diuriopp {Wiz Contam Drain rF++ Slay+4}
   (You found it on level 14 of the Dungeon)

   [ring of wizardry]

   It improves your spell success rate.
   Slay:      It affects your accuracy & damage with ranged weapons and melee
   (+4).
   rF:        It greatly protects you from fire.
   Contam:    It causes magical contamination when unequipped.
   Drain:     It drains your maximum health when unequipped.
 A - a ring of magical power
 C - a ring of protection from fire
 I - a +4 ring of slaying (left hand)
Scrolls
 a - 2 scrolls of fear
 b - 3 scrolls of immolation
 c - 4 scrolls of teleportation
 r - 3 scrolls of poison
 u - a scroll of blinking
 w - 2 scrolls of identify
 F - a scroll of butterflies
 H - a scroll of silence
 K - a scroll of brand weapon
Potions
 g - 4 potions of flight
 i - 2 potions of attraction
 n - 6 potions of curing
 o - 3 potions of magic
 p - 4 potions of brilliance
 t - a potion of berserk rage
 x - 3 potions of mutation
 E - a potion of resistance
 M - a potion of cancellation


   Skills:
 + Level 14.5 Fighting
 + Level 16.8 Axes
 + Level 14.1 Armour
 - Level 2.2 Dodging
 - Level 9.2 Shields


You had 12 spell levels left.
You didn't know any spells.
Your spell library was empty.

Dungeon Overview and Level Annotations

Branches:
Dungeon (14/15)            Temple (1/1) D:7            Lair (0/5) D:10
    Orc (0/2) D:9          Vaults (0/5) D:14

Altars:
Ashenzari
Cheibriados
Dithmenos
Elyvilon
Fedhas
Gozag
Hepliaklqana
Kikubaaqudgha
Makhleb
Nemelex Xobeh
Okawaru
Qazlal
Ru
Sif Muna
Trog
Uskayaw
Vehumet
Wu Jian
Xom
Yredelemnul
Zin
The Shining One

Shops:
D:5 (


Innate Abilities, Weirdness & Mutations

You have a pair of horns on your head.
You reflexively headbutt those who attack you in melee.


Message History

The crystal guardian completely resists.
The great orb of eyes gazes at you.
You are confused.
A lurking horror comes into view.
The guardian serpent closely misses you.
You slash the great orb of eyes! You freeze the great orb of eyes.
You kill the great orb of eyes!
Trog accepts your kill.
The great orb of eyes's shape twists and changes as it dies.
You slash something! You freeze something. Trog accepts your kill.
You can now call in reinforcements.
Reactivating autopickup.
You feel a bit more experienced.
You miss the guardian serpent. Something hits you but does no damage.
Deactivating autopickup; reactivate with Ctrl-A.
The thrashing horror completely misses you.
The thrashing horror tramples you but does no damage.
The guardian serpent barely misses you.
You bump into the stone wall.
Something hits you.
* * * LOW HITPOINT WARNING * * *
The thrashing horror completely misses you.
The thrashing horror barely misses you. Something hits you but does no damage.
The guardian serpent hits you but does no damage.
The guardian serpent attacks as you move away!
The guardian serpent hits you but does no damage.
Found six items.
You feel a strong urge to attack something.
The thrashing horror barely misses you.
The thrashing horror tramples you but does no damage. x2
The thrashing horror barely misses you.
You bump into the rock wall.
Something hits you but does no damage. x2
You bump into the rock wall.
You feel your anger nearly subside.
You are no longer berserk.
You are exhausted.
You feel yourself slow down. The thrashing horror tramples you.
* * * LOW HITPOINT WARNING * * *
You hold your ground!
The thrashing horror tramples you but does no damage.
Something hits you.
You die... # #####.#.#⌠. ##@{t....# #)(()[##XS.....# $/([[§ {9G....## ?[[φ

[X...φ...#
(φ?
)*'*.....##
#$
?$##.......#
# ??#
.......#.
### #.#.#.#⌠


You could see a great orb of eyes, a crystal guardian, a fire crab shaped
shifter, a thrashing horror, a guardian serpent and a lurking horror.

Vanquished Creatures
  Gastronok (D:8)
  An ironbound preserver (D:14)
  A fire dragon (D:14)
  A crystal guardian (Abyss:3)
  Josephine (D:11)
  A great orb of eyes (shapeshifter) (Abyss:3)
  A boulder beetle (D:13)
  Erica (D:11)
  2 hydras
  A centaur warrior (D:13)
  2 two-headed ogres
  A tengu warrior (D:14)
  Urug (D:11)
  2 thrashing horrors (Abyss:3)
  4 skeletal warriors (D:13)
  A deep elf pyromancer (D:14)
  2 ugly things
  2 cyclopes
  2 manticores
  An elephant (D:10)
  A guardian serpent (shapeshifter) (Abyss:3)
  Maggie (D:8)
  A gargoyle (D:12)
  3 unseen horrors
  Psyche (D:7)
  A kobold demonologist (D:9)
  A freezing wraith (D:12)
  3 trolls
  2 polar bears (D:11)
  4 slime creatures (D:12)
  A hornet (D:8)
  2 wyverns
  6 wraiths
  2 shadows
  22 yaks
  A basilisk (D:10)
  4 vampire mosquitoes
  A warg (D:9)
  An acid dragon (D:10)
  3 large abominations (Abyss:3)
  A water moccasin (D:8)
  2 orc warriors
  3 sky beasts
  6 ice beasts
  2 black bears
  10 centaurs
  4 kobold brigands
  Blork the orc (D:4)
  8 bullfrogs
  3 scorpions
  A gnoll sergeant (D:12)
  4 necrophages
  5 wights (D:9)
  7 killer bees
  3 howler monkeys
  10 orc priests
  A hound (D:7)
  2 jellies (D:7)
  3 gnoll boudas
  3 iguanas
  4 orc wizards
  Robin (D:4)
  29 gnolls
  5 adders
  2 shadow imps
  2 white imps
  An ufetubus (D:7)
  3 worms
  2 dart slugs
  37 orcs
  3 ball pythons (D:2)
  4 endoplasms
  2 giant cockroaches
  8 hobgoblins
  6 jackals
  4 quokkas
  4 bats
  9 goblins
  18 kobolds
  2 rats
315 creatures vanquished.

Vanquished Creatures (others)
  20 fungi
  3 plants
  5 withered plants (D:13)
28 creatures vanquished.

Grand Total: 343 creatures vanquished

Notes
Turn   | Place    | Note
-------+----------+-------------------------------------------
     0 | D:1      | nullchk the Minotaur Berserker began the quest for the Orb.
     0 | D:1      | Reached XP level 1. HP: 19/19 MP: 0/0
   988 | D:1      | Reached XP level 2. HP: 25/27 MP: 1/1
  1152 | D:1      | Reached skill level 4 in Axes
  1678 | D:2      | Reached XP level 3. HP: 33/33 MP: 2/2
  2192 | D:3      | Reached skill level 5 in Axes
  2239 | D:3      | Found a faded altar of an unknown god.
  2489 | D:3      | Reached XP level 4. HP: 27/40 MP: 3/3
  2900 | D:3      | Reached skill level 6 in Axes
  2901 | D:3      | Reached ** piety under Trog
  3349 | D:4      | Noticed Robin
  3363 | D:4      | Killed Robin
  3436 | D:4      | Noticed a black bear
  3464 | D:4      | Killed a black bear
  3465 | D:4      | Reached skill level 7 in Axes
  3465 | D:4      | Reached XP level 5. HP: 46/46 MP: 4/4
  3655 | D:4      | Noticed Blork the orc
  3670 | D:4      | Killed Blork the orc
  3671 | D:4      | Reached skill level 8 in Axes
  3671 | D:4      | Reached XP level 6. HP: 40/52 MP: 5/5
  4246 | D:4      | Found a white marble altar of Elyvilon.
  4449 | D:5      | Entered Level 5 of the Dungeon
  4449 | D:5      | Noticed an ice beast
  4479 | D:4      | Killed an ice beast
  4480 | D:4      | Reached skill level 9 in Axes
  4585 | D:5      | Reached XP level 7. HP: 59/59 MP: 6/6
  4746 | D:5      | Found Gushruh's Weapon Shop.
  4936 | D:5      | Reached skill level 10 in Axes
  5142 | D:5      | Reached skill level 1 in Shields
  5754 | D:6      | Reached XP level 8. HP: 51/67 MP: 7/7
  5842 | D:6      | Reached skill level 5 in Fighting
  6144 | D:6      | Found a snail-covered altar of Cheibriados.
  6295 | D:6      | Reached skill level 5 in Armour
  6437 | D:6      | Found a sacrificial altar of Ru.
  6439 | D:6      | Found a sparkling altar of Nemelex Xobeh.
  6680 | D:6      | Reached skill level 11 in Axes
  6710 | D:6      | Found a radiant altar of Vehumet.
  7487 | D:7      | Found a staircase to the Ecumenical Temple.
  7721 | D:7      | Reached *** piety under Trog
  7733 | D:7      | Reached XP level 9. HP: 78/78 MP: 8/8
  7750 | D:7      | Reached skill level 5 in Shields
  7751 | D:7      | Found an iron altar of Okawaru.
  7883 | D:7      | Found a shadowy altar of Dithmenos.
  8017 | D:7      | Found a shimmering blue altar of Sif Muna.
  8386 | Temple   | Entered the Ecumenical Temple
  8442 | D:8      | Noticed Psyche
  8726 | D:7      | Killed Psyche
  9825 | D:8      | Reached skill level 12 in Axes
 10033 | D:8      | Noticed Maggie
 10059 | D:8      | Killed Maggie
 10060 | D:8      | Reached XP level 10. HP: 89/89 MP: 9/9
 10675 | D:8      | Found a blossoming altar of Fedhas.
 10708 | D:8      | Noticed Gastronok
 10772 | D:8      | Killed Gastronok
 11237 | D:9      | Noticed a rust devil
 11410 | D:9      | Identified the +9 dagger of Nightmares {flame, *Slow rPois
                  | rF+ Dex+3}
 11460 | D:9      | Found a staircase to the Orcish Mines.
 11586 | D:9      | Reached skill level 13 in Axes
 11945 | D:9      | Found a hide-covered altar of Uskayaw.
 12115 | D:9      | Reached XP level 11. HP: 99/99 MP: 10/10
 12123 | D:9      | Reached **** piety under Trog
 12124 | D:9      | Reached skill level 10 in Fighting
 12660 | D:10     | Entered Level 10 of the Dungeon
 12868 | D:10     | Reached skill level 10 in Armour
 12945 | D:10     | Noticed a two-headed ogre
 13185 | D:10     | Killed a two-headed ogre
 13300 | D:10     | Found a staircase to the Lair.
 13421 | D:10     | Reached skill level 14 in Axes
 13939 | D:11     | Noticed a purple ugly thing
 13962 | D:11     | Killed a purple ugly thing
 14123 | D:11     | Noticed Urug
 14143 | D:11     | Killed Urug
 14241 | D:11     | Noticed Erica
 14257 | D:11     | Killed Erica
 14338 | D:11     | Found a bloodstained altar of Trog.
 14787 | D:11     | Noticed Josephine
 14808 | D:11     | Killed Josephine
 14809 | D:11     | Reached XP level 12. HP: 110/110 MP: 3/11
 15349 | D:5      | Bought the +6 war axe of the Desolation of Salt {freeze,
                  | rCorr Dex+3} for 607 gold pieces
 15567 | D:12     | Identified the +3 scale mail "Ezirhoizid" {rC+ MP-9 Dex+4}
 15577 | D:12     | Found the +4 robe of Augmentation {Str+4 Int+4 Dex+4}
 15693 | D:12     | Noticed a two-headed ogre
 15699 | D:12     | Killed a two-headed ogre
 15700 | D:12     | Reached skill level 15 in Axes
 15988 | D:12     | Identified a scroll of acquirement
 16361 | D:12     | Acquired a manual of Stealth
 16559 | D:13     | Found an ancient bone altar of Kikubaaqudgha.
 16576 | D:13     | Noticed a centaur warrior
 16878 | D:13     | Killed a centaur warrior
 16953 | D:13     | Noticed a six-headed hydra
 16962 | D:13     | Killed an eight-headed hydra
 16963 | D:13     | Reached skill level 16 in Axes
 17054 | D:13     | Noticed a boulder beetle
 17078 | D:13     | Killed a boulder beetle
 17242 | D:14     | Noticed a four-headed hydra
 17272 | D:14     | Killed a nine-headed hydra
 17328 | D:14     | Identified the ring of Diuriopp {Wiz Contam Drain rF++
                  | Slay+4}
 17413 | D:14     | Noticed a tengu warrior
 17415 | D:14     | Noticed an ironbound preserver
 17420 | D:14     | Found a gate to the Vaults.
 17420 | D:14     | Noticed a fire dragon
 17536 | D:14     | Killed a tengu warrior
 17623 | D:14     | Killed a fire dragon
 17624 | D:14     | Reached XP level 13. HP: 123/123 MP: 12/12
 17755 | D:14     | Killed an ironbound preserver
 17904 | Abyss:3  | Cast into level 3 of the Abyss (a wizard)
 18070 | Abyss:3  | Found a corrupted altar of Lugonu.
 18091 | Abyss:3  | Noticed a hellephant
 18095 | Abyss:3  | Noticed a starcursed mass
 18095 | Abyss:3  | Noticed a daeva
 18108 | Abyss:3  | Noticed a crystal guardian
 18110 | Abyss:3  | Noticed a crystal guardian
 18113 | Abyss:3  | Killed a crystal guardian
 18117 | Abyss:3  | HP: 5/187 [crystal guardian/crystal bolt (13)]
 18122 | Abyss:3  | HP: 2/125 [thrashing horror (3)]
 18122 | Abyss:3  | Slain by an unseen horror

Illustrated notes

Levels and vault maps discovered:
D:1:      sevenhm_arrival_forest_fort_large_3, layout_basic
D:2:      layout_loops_ring, minmay_indecisive_spiral
D:3:      layout_basic, dreamdust_ecumenical_altar_grove
D:4:      layout_loops_ring, elyvilon_altar_5, uniq_robin, uniq_blork_the_orc
D:5:      layout_loops_corners, serial_shops, kennysheep_little_box
D:6:      layout_basic, mainiacjoe_overflow_chevrons, kennysheep_mini,
          minitemple
D:7:      layout_rooms, mainiacjoe_overflow_concentric_impassable,
          mainiacjoe_overflow_catwalk, lemuel_doored_altar, temple_pool_b
D:8:      layout_cave_pools, kennysheep_mini_moat, kennysheep_diamond,
          chequers_serial_rivers_micro_b, uniq_gastronok, uniq_maggie,
          uniq_psyche
D:9:      layout_loops_ring, lemuel_crystal_altar, erik_orc_4,
          serial_park_tiny_pond, small_chamber_with_monster,
          hangedman_decor_points, minmay_misc_feat_tiny, grunt_ministairs_13
D:10:     layout_loops_ring, david_lair_generic
D:11:     layout_layer_cave, grunt_decor_cap, trog_ov_bears_minmay, uniq_urug,
          uniq_josephine, uniq_erica
D:12:     layout_roguey
D:13:     layout_big_octagon, kiku_gazebo_garden_becter
D:14:     layout_gridville, skrybe_vaults_entry_preservation,
          grunt_decor_resistance, serial_rivers, chequers_serial_rivers_marsh,
          chequers_serial_rivers_large_b, chequers_serial_rivers_small_3,
          chequers_serial_rivers_small_a, chequers_serial_rivers_room_b,
          chequers_serial_rivers_large_a, nicolae_ru_great_annihilating_truth
Temple:   nicolae_temple_no_exploring_needed
Abyss:3:  base: D:12, due_exit_kobolds, due_exit_kobolds, due_exit_kobolds,
          hangedman_grunt_abyss_rune_horror_hoard

Skill      XL: |  1  2  3  4  5  6  7  8  9 10 11 12 13 |
---------------+----------------------------------------+-----
Fighting       | 4 6 8 9 12 13 14 | 14.5
Axes           | 4 5 7 8 9 10 11 12 13 14 16 | 16.8
Armour         | 3 5 7 9 11 13 14 | 14.1
Shields        | 2 4 7 9 |  9.2
Dodging        | |  2.2

Action                   |  1- 3 |  4- 6 |  7- 9 | 10-12 | 13-15 || total
-------------------------+-------+-------+-------+-------+-------++-------
Melee: Hand axe          |    63 |    89 |   408 |   259 |       ||   819
       Headbutt          |     9 |    17 |    60 |   142 |    10 ||   238
       Punch             |     1 |       |       |       |       ||     1
       Unarmed           |       |       |     5 |       |       ||     5
       Battleaxe         |       |       |       |   162 |       ||   162
       War axe           |       |       |       |   127 |    39 ||   166
Throw: Throwing net      |     1 |       |     2 |       |       ||     3
       Boomerang         |       |       |    23 |       |       ||    23
       Dart              |       |       |     3 |       |       ||     3
       Stone             |       |       |     1 |    10 |       ||    11
Invok: Berserk           |     1 |     3 |     6 |    13 |     2 ||    25
       Trog's Hand       |       |     1 |     3 |     5 |     1 ||    10
       Brothers in Arms  |       |       |       |       |     1 ||     1
Evoke: Wand              |     2 |     5 |     1 |       |       ||     8
  Use: Scroll            |     5 |     7 |     3 |    11 |     1 ||    27
       Potion            |     4 |       |     4 |     3 |       ||    11
Armor: Leather armour    |     2 |       |       |       |       ||     2
       Ring mail         |    12 |       |       |       |       ||    12
       Chain mail        |    11 |    55 |   116 |       |       ||   182
       Plate armour      |       |       |    95 |   281 |    42 ||   418
       Skin              |       |       |     1 |       |       ||     1
Dodge: Dodged            |    32 |     7 |    68 |   101 |    17 ||   225
Block: Tower shield      |    16 |    48 |   262 |   256 |    31 ||   613
